 Dungeon Crawl Stone Soup version 0.22.0-36-g8e74550 (webtiles) character file.

82 Faca the Chucker (level 4, 0/44 HPs)
             Began as a Troll Hunter on Aug 24, 2018.
             Slain by a gnoll
             ... wielding a +0 spear
              (8 damage)
             ... on level 2 of the Dungeon.
             The game lasted 00:02:56 (807 turns).

Faca the Chucker (Troll Hunter)                      Turns: 807, Time: 00:02:56

Health: 0/44       AC:  5    Str: 21    XL:     4   Next: 21%
Magic:  3/3        EV: 10    Int:  9    God:
Gold:   41         SH:  0    Dex: 10    Spells: 3/3 levels left

rFire    . . .     SeeInvis .     - Unarmed
rCold    + . .     Gourm    +   (no shield)
rNeg     . . .     Faith    .   b - +0 robe
rPois    .         Spirit   .   (helmet restricted)
rElec    .         Reflect  .   (no cloak)
rCorr    .         Harm     .   (gloves unavailable)
MR       .....                  (boots unavailable)
Stlth    +.........             (no amulet)
HPRegen  0.54/turn              a - +2 ring of intelligence
MPRegen  0.08/turn              o - ring of protection from cold

@: lethally poisoned (0 -> -1)
A: large, unfitting armour, claws 3, fast metabolism 3, gourmand, regeneration
1, shaggy fur 1, tough skin 2
a: no special abilities


You were on level 2 of the Dungeon.
You were completely stuffed.

You visited 1 branch of the dungeon, and saw 2 of its levels.

You collected 41 gold pieces.

Inventory:

Missiles
 c - 5 large rocks (quivered)
 d - 2 throwing nets
Armour
 b - a +0 robe (worn)
Jewellery
 a - a +2 ring of intelligence (left claw)
 o - a ring of protection from cold (right claw)
Scrolls
 h - a scroll of fear {unknown}
 j - a scroll of magic mapping {unknown}
 l - a scroll of identify {unknown}
 m - a scroll of remove curse {unknown}
 n - a scroll of amnesia {unknown}
Potions
 e - a potion of lignification {unknown}
 g - a potion of mutation {unknown}
 k - a potion of curing {unknown}
Comestibles
 f - 6 rations
 i - 7 chunks of flesh


   Skills:
 + Level 2.8 Fighting
 - Level 3.6 Throwing
 - Level 1.5 Dodging
 - Level 0.3 Stealth
 + Level 2.6 Unarmed Combat


You had 3 spell levels left.
You didn't know any spells.
Your spell library was empty.

Dungeon Overview and Level Annotations

Branches:
Dungeon (2/15)

Altars:
Dithmenos


Innate Abilities, Weirdness & Mutations

You are too large for most types of armour.
You have claws for hands.
Your metabolism is lightning-fast.
You like to eat raw meat.
Your natural rate of healing is unusually fast.
You are covered in fur. (AC +1)
You have very tough skin. (AC +2)


Message History

You are more poisoned.
The adder poisons you!
You miss the adder.
The adder is almost dead.
You feel sick. The gnoll misses you. The adder bites you but does no damage.
You claw the adder!
You kill the adder!
You feel sick.
The gnoll hits you from afar with a spear.
* * * LOW HITPOINT WARNING * * *
You feel sick.
You feel sick.
You feel sick.
You feel sick.
You see here a scroll labeled YPTOR XUAWNIVAL.
You feel sick.
You feel sick.
You feel sick.
The gnoll hits you from afar with a spear!
You die...

#g# ### #.# #=# ###.### #.#
#.g...♣ #g# #...#♣♣
####.######..g#
#...........?.♣♣≈≈....≈≈≈≈≈P
#.#..######g..♣ ≈≈P..≈♣≈P≈P♣
..
#.....###.##♣♣♣≈≈...≈≈≈≈≈≈
#.P ###......@#
♣≈P≈....P≈≈≈≈
P≈≈≈≈≈...#.##..#
♣≈≈≈....≈≈P≈≈ ♣
♣♣≈≈.###.##..# ♣≈≈≈...≈≈≈≈♣♣
♣≈≈. #.##..# ♣≈≈...≈≈...
♣P≈P###.##..# #♣♣≈..♣♣.#
♣≈≈P........#####.≈≈...#.#
≈≈P.###.#.#.#.....≈♣.....###
P≈ #..PP..#.######........
#....≈.P.......#........


You could see 3 gnolls.

Vanquished Creatures
  3 adders (D:2)
  A gnoll (D:1)
  A worm (D:2)
  A dart slug (D:1)
  2 leopard geckos (D:1)
  2 ball pythons (D:2)
  2 giant cockroaches (D:1)
  3 goblins (D:1)
  4 hobgoblins
  8 jackals (D:1)
  2 bats (D:1)
  4 frilled lizards
  2 kobolds
  3 rats
38 creatures vanquished.

Notes
Turn   | Place    | Note
-------+----------+-------------------------------------------
     0 | D:1      | Faca the Troll Hunter began the quest for the Orb.
     0 | D:1      | Reached XP level 1. HP: 19/19 MP: 0/0
   121 | D:1      | Reached skill level 1 in Unarmed Combat
   121 | D:1      | Reached XP level 2. HP: 21/28 MP: 1/1
   287 | D:1      | Reached XP level 3. HP: 35/35 MP: 2/2
   591 | D:2      | Found a shadowy altar of Dithmenos.
   704 | D:2      | Reached XP level 4. HP: 34/44 MP: 3/3
   807 | D:2      | Slain by a gnoll

Skill      XL: |  1  2  3 |
---------------+----------+-----
Unarmed Combat | 1 2 |  2.6
Fighting       | 2 |  2.8
Throwing       | |  3.6
Dodging        | |  1.5
Stealth        | |  0.3

Action                   |  1- 3 |  4- 6 || total
-------------------------+-------+-------++-------
Melee: Unarmed           |   113 |     6 ||   119
       Punch             |     1 |       ||     1
  Eat: Chunk             |    12 |     1 ||    13
Armor: Robe              |    38 |     1 ||    39
Dodge: Dodged            |    64 |     4 ||    68
